 Dungeon Crawl Stone Soup version 0.22.1-2-g9c5b331 (webtiles) character file.

1850 senseless the Basher (level 8, 0/70 HPs)
             Began as a Minotaur Fighter on Nov 15, 2018.
             Was a Priest of Okawaru.
             Killed from afar by an orc wizard (4 damage)
             ... with a magic dart
             ... on level 6 of the Dungeon.
             The game lasted 00:20:35 (4525 turns).

senseless the Basher (Minotaur Fighter)             Turns: 4525, Time: 00:20:35

Health: 0/70       AC: 15    Str: 25    XL:     8   Next: 88%
Magic:  7/7        EV:  7    Int:  5    God:    Okawaru [***...]
Gold:   94         SH: 11    Dex: 11    Spells: 7/7 levels left

rFire    . . .     SeeInvis .   a - +0 flail
rCold    . . .     Gourm    .   c - +0 shield
rNeg     . . .     Faith    .   v - +0 plate armour
rPois    .         Spirit   .   (helmet restricted)
rElec    .         Reflect  .   w - +0 cloak
rCorr    .         Harm     .   o - +0 pair of gloves
MR       .....                  (no boots)
Stlth    ..........             x - amulet of regeneration
HPRegen  0.61/turn              H - +3 ring of strength
MPRegen  0.10/turn              (no ring)

@: no status effects
A: retaliatory headbutt, horns 2
a: Heroism, Renounce Religion


You were on level 6 of the Dungeon.
You worshipped Okawaru.
Okawaru was most pleased with you.
You were not hungry.

You visited 1 branch of the dungeon, and saw 6 of its levels.
You also visited: Sewer.

You collected 329 gold pieces.
You spent 235 gold pieces at shops.

Inventory:

Hand Weapons
 a - a +0 flail (weapon)
 B - a +3 hand axe
 C - a +0 shortbow
Missiles
 D - 69 arrows
Armour
 b - a +0 scale mail
 c - a +0 shield (worn)
 g - a +3 leather armour
 o - a +0 pair of gloves (worn)
 v - a +0 plate armour (worn)
 w - a +0 cloak (worn)
 K - a +0 troll leather armour
Jewellery
 l - an uncursed amulet of magic regeneration
 x - an amulet of regeneration (around neck)
 H - a +3 ring of strength (left hand)
 J - an uncursed amulet of the acrobat
Wands
 E - a wand of iceblast (5)
 F - a wand of polymorph (9)
Scrolls
 i - 6 scrolls of remove curse
 j - a scroll of teleportation
 n - a scroll of blinking
 q - 2 scrolls of fog
 r - 4 scrolls of identify
 y - 2 scrolls of noise {unknown}
 A - a scroll of fear {unknown}
 G - a scroll of enchant armour {unknown}
Potions
 d - 2 potions of might
 e - a potion of invisibility
 h - a potion of brilliance
 k - 4 potions of degeneration {unknown}
 m - 2 potions of agility
 p - a potion of lignification {unknown}
 s - 3 potions of flight
 t - 2 potions of curing
 u - 2 potions of heal wounds
 z - a potion of cancellation {unknown}
Comestibles
 f - 6 rations
 I - 6 chunks of flesh


   Skills:
 + Level 5.9 Fighting
 + Level 8.5 Maces & Flails
 + Level 6.9 Armour
 + Level 3.2 Dodging
 + Level 1.0 Stealth
 + Level 7.9 Shields


You had 7 spell levels left.
You didn't know any spells.
Your spell library was empty.

Dungeon Overview and Level Annotations

Branches:
Dungeon (6/15)             Temple (0/1) D:4

Altars:
Dithmenos
Fedhas
Okawaru
Qazlal
Trog
Yredelemnul

Shops:
D:5 (=

Annotations:
D:2 exclusion: oklob plant


Innate Abilities, Weirdness & Mutations

You reflexively headbutt those who attack you in melee.
You have a pair of horns on your head.


Message History

You closely miss the orc warrior.
You headbutt the orc warrior, but do no damage.
The orc warrior hits you with a flail.
You are too injured to fight recklessly!
You are too injured to fight recklessly!
You are too injured to fight recklessly!
You completely miss the orc warrior.
You hear some strange, mumbled words.
A puff of frost appears from out of thin air!
The puff of frost hits you!
* * * LOW HITPOINT WARNING * * *
You block the orc warrior's attack.
The orc warrior hits you from afar with an enchanted glaive!
* * * LOW HITPOINT WARNING * * *
You hit the orc warrior.
The orc warrior is lightly wounded.
You hear some strange, mumbled words.
A magic dart appears from out of thin air!
The magic dart hits you!
You die...

############# ##.....#.....##
##########
##.............###........#
#...............##........#
#...............##........# ###
#..............@##........# #..
#..............o##........# #..
###############oo.........####..
####..........##).
#..........)).. #..o........#).
#...o.......#.. ####........#..
#o#.....##.<


You could see 2 orc warriors and an orc wizard.

Vanquished Creatures
  A troll (D:6)
  Sigmund (D:3)
  An ice beast (D:5)
  An orc warrior (D:6)
  3 ogres (D:6)
  2 centaurs
  5 big kobolds (Sewer)
  A howler monkey (D:4)
  A hound (D:4)
  4 orc wizards
  An iguana (D:4)
  2 worker ants (D:4)
  7 adders
  A gnoll (D:1)
  2 oozes
  An adder skeleton (D:5)
  7 worms
  2 dart slugs
  A leopard gecko (D:6)
  13 orcs
  5 giant cockroaches
  7 goblins
  9 hobgoblins
  6 jackals (D:4)
  16 kobolds
  2 quokkas (D:2)
  8 ball pythons
  8 bats
  2 frilled lizards
  A jackal skeleton (D:4)
  A jackal zombie (D:5)
  A leopard gecko zombie (D:5)
  2 quokka skeletons
  6 rats
  A spectral orc (D:3)
132 creatures vanquished.

Vanquished Creatures (others)
  A black bear (D:6)
  15 toadstools (D:2)
16 creatures vanquished.

Grand Total: 148 creatures vanquished

Notes
Turn   | Place    | Note
-------+----------+-------------------------------------------
     0 | D:1      | senseless the Minotaur Fighter began the quest for the Orb.
     0 | D:1      | Reached XP level 1. HP: 19/19 MP: 0/0
    67 | D:1      | Reached XP level 2. HP: 27/27 MP: 1/1
   357 | D:1      | Reached XP level 3. HP: 30/33 MP: 2/2
   711 | D:2      | Reached skill level 3 in Maces & Flails
   741 | D:2      | Found an iron altar of Okawaru.
   768 | D:2      | Became a worshipper of Warmaster Okawaru
   958 | D:2      | Reached XP level 4. HP: 26/40 MP: 3/3
  1007 | D:2      | Found a blossoming altar of Fedhas.
  1017 | D:2      | Noticed an oklob plant
  1189 | D:3      | Found a glowing drain.
  1217 | Sewer    | Entered a sewer
  1238 | Sewer    | Noticed a big kobold
  1251 | Sewer    | Killed a big kobold
  1251 | Sewer    | Reached * piety under Okawaru
  1251 | Sewer    | Reached skill level 4 in Maces & Flails
  1251 | Sewer    | Reached skill level 1 in Dodging
  1251 | Sewer    | Reached XP level 5. HP: 39/47 MP: 4/4
  1313 | Sewer    | Reached skill level 5 in Shields
  1448 | Sewer    | Reached skill level 5 in Maces & Flails
  1448 | Sewer    | Reached XP level 6. HP: 37/53 MP: 5/5
  1652 | D:3      | Reached XP level 7. HP: 58/60 MP: 6/6
  1965 | D:3      | Found a basalt altar of Yredelemnul.
  2298 | D:3      | Noticed Sigmund
  2304 | D:3      | Killed Sigmund
  2304 | D:3      | Reached ** piety under Okawaru
  2304 | D:3      | Reached skill level 6 in Maces & Flails
  2474 | D:4      | Reached skill level 5 in Fighting
  2670 | D:4      | Reached skill level 1 in Stealth
  2917 | D:4      | Found a stormy altar of Qazlal.
  3249 | D:4      | Found a staircase to the Ecumenical Temple.
  3324 | D:5      | Entered Level 5 of the Dungeon
  3331 | D:5      | Found Ikats's Antique Weapon Shoppe.
  3469 | D:5      | Reached skill level 7 in Maces & Flails
  3581 | D:5      | Reached XP level 8. HP: 68/68 MP: 7/7
  3760 | D:5      | Found a shadowy altar of Dithmenos.
  3764 | D:5      | Found a bloodstained altar of Trog.
  4022 | D:5      | Found Ziothrur's Jewellery Shop.
  4027 | D:5      | Bought a +3 ring of strength for 235 gold pieces
  4121 | D:6      | Reached skill level 5 in Armour
  4440 | D:6      | Noticed a troll
  4447 | D:6      | Killed a troll
  4447 | D:6      | Reached *** piety under Okawaru
  4447 | D:6      | Reached skill level 8 in Maces & Flails
  4525 | D:6      | Killed from afar by an orc wizard

Skill      XL: |  1  2  3  4  5  6  7  8 |
---------------+-------------------------+-----
Fighting       | 4 5 |  5.9
Shields        | 4 5 6 7 |  7.9
Maces & Flails | 3 4 5 7 8 |  8.5
Armour         | 4 6 |  6.9
Dodging        | 1 2 3 |  3.2
Stealth        | 1 |  1.0

Action                   |  1- 3 |  4- 6 |  7- 9 || total
-------------------------+-------+-------+-------++-------
Melee: Flail             |    91 |   110 |   230 ||   431
       Headbutt          |    10 |    22 |    47 ||    79
  Use: Potion            |       |     6 |     2 ||     8
       Scroll            |       |     5 |     3 ||     8
 Stab: Sleeping          |       |     1 |       ||     1
  Eat: Chunk             |       |     3 |     6 ||     9
       Ration            |       |       |     1 ||     1
Armor: Scale mail        |     1 |       |       ||     1
       Leather armour    |    33 |    32 |     8 ||    73
       Plate armour      |       |       |    96 ||    96
Dodge: Dodged            |    21 |    53 |    48 ||   122
Block: Shield            |    41 |    78 |   121 ||   240
